[Event "Azerbaijan-ch 1st League 2025"]
[Site "Baku"]
[Date "2025.01.07"]
[Round "2.14"]
[White "Idrisov, Tabriz"]
[Black "Baghirov, Mahammad"]
[Result "1/2-1/2"]
[Annotator "TA"]
[ECO "A12"]
[WhiteElo "2073"]
[BlackElo "1932"]
[PlyCount "92"]
[EventDate "2025.01.05"]
[EventType "swiss"]
[EventCountry "AZE"]
[SourceTitle "playchess.com"]
[Source "ChessBase"]
[SourceQuality "1"]
[TimeControl "40/5400+30:1800+30"]

1. Nf3 Nf6 2. b3 d5 3. Bb2 Bf5 4. g3 h6 5. Bg2 e6 6. O-O Be7 7. d3 O-O 8. Nbd2 Nbd7 9. c4 c6 10. a3 a5 11. cxd5 exd5 12. Nd4 Bh7 13. Bh3 Re8 14. Qc2 Bd6 15. Rfe1 Ne5 16. f4 Ned7 ({Black should play} 16... Neg4 $15) 17. e4 $11 Nc5 18. Nf5 ({White should play} 18. b4 $11 axb4 19. axb4 Rxa1 20. Rxa1) 18... Bf8 (18... dxe4 $1 $15 19. Nxe4 Nfxe4 20. dxe4 Bxf5 21. Bxf5 Nd3) 19. e5 Nfd7 $1 20. Kh1 Ne6 21. Rf1 Qb6 22. Rae1 Rad8 (22... a4 $15 {was preferable.} 23. Nd6 axb3 24. Nxb3 Bxd6 25. exd6 c5) 23. Qc3 Qc5 24. Qxc5 (24. d4 $11 {remains equal.} Qb6 25. Ne3) 24... Ndxc5 $17 25. Rf3 Na6 (25... d4 $17 26. Kg1 h5) 26. Rfe3 Bc5 27. R3e2 Bxf5 (27... Bb6 $15) 28. Bxf5 $11 Nd4 $36 {[%emt 0:00:08][%mdl 2048] Black is more active.} 29. Bxd4 Bxd4 30. e6 (30. Nf3 $11 Bc3 31. Rc1) 30... Bc3 $17 31. exf7+ (31. Rc1 $142 Bxd2 32. exf7+ Kxf7 33. Rxd2) 31... Kxf7 32. Rxe8 Rxe8 33. Rxe8 Kxe8 {[%emt 0:00:06][%mdl 4096] Endgame KBN-KBN} 34. Nb1 d4 35. Kg2 Nc5 36. Kf3 Nxb3 37. h4 Ke7 38. g4 a4 39. g5 b5 40. Be4 Kd6 ({Resist} 40... hxg5 41. fxg5 Na5 42. Ke2 $17) 41. f5 {[%emt 0:06:08] [#]} hxg5 $1 42. h5 {[%emt 0:00:22][%cal Of5f6] [#]} g4+ $2 43. Kxg4 $11 {[%emt 0:04:32][%cal Of5f6] aiming for f6!.} Ke5 44. Bxc6 b4 45. axb4 Bxb4 {[%emt 0:00:45] And now ...a3 would win.} 46. Bxa4 Nd2 1/2-1/2

[Event "Azerbaijan-ch 1st League 2025"]
[Site "Baku"]
[Date "2025.01.07"]
[Round "2.15"]
[White "Safarli, Ramzi"]
[Black "Garakhanov, Shamsi"]
[Result "1/2-1/2"]
[Annotator "TA"]
[ECO "D74"]
[WhiteElo "1792"]
[BlackElo "2022"]
[PlyCount "52"]
[EventDate "2025.01.05"]
[EventType "swiss"]
[EventCountry "AZE"]
[SourceTitle "playchess.com"]
[Source "ChessBase"]
[SourceQuality "1"]
[TimeControl "40/5400+30:1800+30"]

1. d4 Nf6 2. c4 g6 3. Nc3 Bg7 4. g3 d5 5. Bg2 dxc4 6. Qa4+ Nfd7 7. Nf3 O-O 8. Qxc4 Nb6 9. Qc5 Na6 10. Qa3 Qd6 {[%emt 0:12:57] Black is slightly better.} (10... c5 $5 11. dxc5 Nc4 $11) 11. Qxd6 exd6 12. a3 Re8 13. O-O d5 14. Bf4 c6 15. e3 h6 16. h4 Bf5 17. Nd2 Rad8 18. Bf3 h5 19. Be2 Nb8 20. Nb3 Re7 21. Na5 {[%emt 0:01:33] Prevents Nc4.} Kh7 22. b4 Bh6 23. Be5 {[%emt 0:01:19] Wards off Bxf4} Bg7 {[%emt 0:00:19] Dodges Bf6} 24. Bf4 Bh6 $1 25. Be5 {[%emt 0:02:20] White is more active.} Bg7 {[%emt 0:00:22] Wards off Bf6} 26. Bf4 Bh6 $1 {[%emt 0:00:02] Weighted Error Value: White=0.18 (very precise) /Black=0.09 (flawless) .  Inaccurate:     	White=3     	Black=3      OK:         	White=6     	Black=6      Best:        	White=1     	---        Strong:       	---       	Black=2} 1/2-1/2

[Event "Azerbaijan-ch 1st League 2025"]
[Site "Baku"]
[Date "2025.01.07"]
[Round "2.16"]
[White "Huseynov, Ahmed"]
[Black "Azimov, Yasin"]
[Result "1-0"]
[Annotator "TA"]
[ECO "D02"]
[WhiteElo "1996"]
[BlackElo "1880"]
[PlyCount "61"]
[EventDate "2025.01.05"]
[EventType "swiss"]
[EventCountry "AZE"]
[SourceTitle "playchess.com"]
[Source "ChessBase"]
[SourceQuality "1"]
[TimeControl "40/5400+30:1800+30"]

1. d4 Nf6 2. Bg5 d5 3. c3 c5 4. e3 Nc6 5. Nf3 Qb6 6. Qb3 c4 7. Qc2 {[%emt 0:01:16] [#]} Bf5 $1 8. Qc1 {[%emt 0:00:07] Black has an edge.} (8. Qxf5 $2 Qxb2 9. Bxf6 e6 $19 (9... Qxa1 10. Bxc4 Qb2 11. Bxd5 $16) (9... gxf6 10. Bxc4 Qc1+ 11. Ke2 $11) (9... exf6 10. Qxd5 Qxa1 11. Qe4+ Be7 12. Bxc4 $11)) 8... Ne4 9. Bf4 f6 {[%emt 0:04:37] ...g5 is the strong threat.} 10. h4 e6 11. Nbd2 Nxd2 12. Nxd2 e5 {[%emt 0:09:40] [#]} 13. e4 Bxe4 $15 (13... dxe4 14. Nxc4 Qc7 15. dxe5 Nxe5 (15... fxe5 16. Bg3 $16) 16. Bxe5 (16. Nxe5 Bd6 $16) 16... fxe5 17. Qg5 $16) 14. dxe5 {[%emt 0:02:49] [#]} ({Only move:} 14. Nxe4 $15 exf4 15. Nd2) 14... fxe5 $2 (14... Bf5 $1 $17 {Threatens to win with ...Bc5.} 15. Be2 Bc5 (15... Nxe5 16. O-O $17) (15... fxe5 $2 16. Bg3 $17)) 15. Be3 $14 Bc5 16. Nxe4 dxe4 17. Bxc4 Bxe3 18. Qxe3 Qxb2 19. Rd1 {[%emt 0:02:20][%cal Oe3h3] Strongly threatening Qh3!} Rd8 20. O-O {[%emt 0:00:27][%mdl 1024] And now Rb1 would win. White has strong compensation.} (20. Qxe4 $2 Qxc3+ 21. Ke2 Rd4 $19 (21... Nd4+ $2 22. Rxd4 Qb2+ 23. Ke3 $19) (21... Nd4+ $2 22. Rxd4 Qb2+ 23. Ke3 $19)) 20... Rf8 (20... Rxd1 $16 21. Rxd1 Rf8) 21. Rb1 (21. Qxe4 $2 Rxd1 22. Qe3 (22. Rxd1 $2 Qxf2+ 23. Kh1 Rf4 $19) 22... Rxf1+ 23. Bxf1 Qxa2 $19) (21. Rxd8+ $18 Kxd8 22. Bd5 (22. Qxe4 Qxc3 23. Be6 Qd4 $16)) 21... Qd2 $16 22. Qg3 (22. Qxd2 $16 Rxd2 23. Rxb7) 22... Rd7 $1 $11 23. Be6 Re7 24. Bc8 b6 25. Ba6 $36 {[%emt 0:00:23][%mdl 2048] White has good play.} Qf4 26. Qh3 {[%emt 0:00:12] Black must now prevent Qc8+.} Rf6 27. Qc8+ Kf7 28. Bc4+ Kg6 {[%emt 0:00:11][%cal Oe4e3] aiming for ...e3!} 29. Bd5 e3 $2 30. fxe3 $18 (30. Bxc6 $2 {perishes.} exf2+ (30... Qxh4 $2 {loses.} 31. fxe3 a5 32. Rxf6+ Qxf6 33. Be4+ Kg5 34. Qh3 $18) 31. Kh1 Qxh4+ 32. Qh3 Qxh3+ 33. gxh3 Rxc6 $19) 30... Qxe3+ 31. Kh2 {[%emt 0:12:42] Weighted Error Value: White=0.25 (precise) /Black=0.40.  Loses game:     	---       	Black=1      Mistake:       	White=4     	Black=2      Inaccurate:     	White=2     	Black=4      OK:         	White=11    	Black=5      Best:        	White=3     	Black=4      Strong:       	---       	Black=1} 1-0

[Event "Azerbaijan-ch 1st League 2025"]
[Site "Baku"]
[Date "2025.01.07"]
[Round "2.17"]
[White "Kazimzade, Mahammad"]
[Black "Halafov, Ilgar"]
[Result "1/2-1/2"]
[Annotator "TA"]
[ECO "E64"]
[WhiteElo "1743"]
[BlackElo "1990"]
[PlyCount "81"]
[EventDate "2025.01.05"]
[EventType "swiss"]
[EventCountry "AZE"]
[SourceTitle "playchess.com"]
[Source "ChessBase"]
[SourceQuality "1"]
[TimeControl "40/5400+30:1800+30"]

1. d4 c5 2. d5 d6 3. Nf3 Nf6 4. c4 g6 5. Nc3 Bg7 6. g3 O-O 7. Bg2 Na6 8. O-O Nc7 9. e4 a6 10. a4 Rb8 11. Qe2 (11. a5 $14 {was preferable.}) 11... b5 $11 12. axb5 axb5 13. Nd2 (13. cxb5 $11 Bd7 14. Bd2) 13... bxc4 $15 14. Qxc4 Bd7 15. Re1 Ng4 16. h3 (16. Nf3 $15) 16... Ne5 $17 17. Qe2 {[%emt 0:00:17] aiming for f4.} Nb5 $1 18. Nf3 Nxf3+ (18... Nd4 $1 $19 19. Nxd4 cxd4) 19. Qxf3 Nd4 20. Qd3 Qb6 21. Rb1 Qb3 22. Rd1 Rfc8 (22... Bb5 $142 23. Nxb5 Qxd3 (23... Qxb5 24. Bg5 $17) (23... Rxb5 $2 24. Bf1 $17) 24. Rxd3 Ne2+ (24... Rxb5 25. Bf1 $17) (24... Nxb5 25. Rb3 $17) 25. Kh2 Nxc1 (25... Rxb5 26. Bg5 $15) 26. Rxc1 Bxb2 (26... Rxb5 $2 27. b3 $19) 27. Nxd6 Bxc1) 23. Bf4 Rb4 24. Kh1 (24. Qe3 $142) 24... Rcb8 25. Rd2 h5 26. Ra1 (26. Re1 $17) 26... c4 (26... Bb5 $1 $19 {[%cal Rb5d3] has better winning chances.} 27. Qb1 Nf3) 27. Qf1 Nb5 {[%emt 0:05:57] Wards off Ra3} 28. Nxb5 (28. Nd1 $1 $15) 28... R4xb5 (28... R8xb5 $2 29. Ra3 $18) (28... Bxb5 $17 29. Ra3 c3 30. Rxb3 Bxf1 31. Rxb4 Bxg2+ (31... Rxb4 32. bxc3 Bxg2+ 33. Kxg2 $15) 32. Kxg2 Rxb4 33. bxc3 Rxe4) 29. Rc1 (29. Ra3 $1 $15 Qb4 30. Ra7) 29... Bxb2 ({Black should try} 29... Rb4 $19 30. e5 dxe5 (30... Bxe5 31. Bxe5 dxe5 32. Kh2 $15)) 30. Rxc4 $15 R5b7 31. Rdc2 $1 Bf6 32. Qc1 Kg7 33. Kh2 Qb6 (33... Bb5 {looks sharper.} 34. Bh6+ Kh7 35. Rc8 Rxc8 36. Rxc8 Qb2) 34. Be3 Qa5 35. Qd1 {[%emt 0:00:43] [#]} (35. Bd2 $11 Qa6 36. Rc7) 35... Qd8 (35... Bb5 $1 $17 36. Rd4 Qd8) 36. f4 {[%emt 0:00:53] [#]} (36. Qd2 $11) 36... Bb5 $1 $17 37. e5 dxe5 38. fxe5 Bxe5 39. Re4 Bf6 40. Bf4 Rc8 (40... Bd7 $142 {[%cal Od7f5] White must now prevent ...Bf5!.} 41. Bxb8 Qxb8) 41. Rf2 1/2-1/2

[Event "Azerbaijan-ch 1st League 2025"]
[Site "Baku"]
[Date "2025.01.07"]
[Round "2.18"]
[White "Baghirov, Orkhan"]
[Black "Imranli, Kenan"]
[Result "1-0"]
[Annotator "TA"]
[ECO "E18"]
[WhiteElo "1989"]
[BlackElo "1758"]
[PlyCount "69"]
[EventDate "2025.01.05"]
[EventType "swiss"]
[EventCountry "AZE"]
[SourceTitle "playchess.com"]
[Source "ChessBase"]
[SourceQuality "1"]
[TimeControl "40/5400+30:1800+30"]

1. d4 d5 2. c4 e6 3. Nf3 Nf6 4. g3 Be7 5. Bg2 O-O 6. O-O b6 7. cxd5 exd5 8. Nc3 Bb7 9. Bf4 Bd6 10. Rc1 Bxf4 11. gxf4 Re8 12. Ne5 a6 13. Qb3 Nc6 14. Rfd1 (14. Nxd5 Nxd4 15. Qd1 Nxe2+ (15... Bxd5 16. Qxd4 c5 17. Qd1 $15) 16. Qxe2 Nxd5 $17 (16... Bxd5 17. Rfd1 $16)) 14... Na5 (14... Ne7 $11) 15. Qa4 (15. Qc2 $16) 15... Qd6 (15... Re6 $14) 16. Nb1 {[%emt 0:12:29] White is much more active.} Nc6 $2 17. Nxc6 $18 (17. Rxc6 Bxc6 18. Qxc6 Qxc6 19. Nxc6 Rxe2 $16) 17... Qxf4 18. Qa3 Rxe2 (18... Bxc6 19. Rxc6 Rxe2 20. Qf3 Qxf3 21. Bxf3 Rxb2 22. Nc3 $18 (22. Rxc7 Rxa2 23. Nc3 Ra3 $18)) 19. Qg3 Qxg3 20. hxg3 Bxc6 21. Rxc6 Rae8 22. Nd2 Re1+ 23. Rxe1 Rxe1+ 24. Bf1 ({Don't do} 24. Nf1 Ne8 25. Bxd5 Rd1 $18) 24... Ne8 25. Kg2 a5 26. Rc2 Re7 27. Nf3 Nd6 28. Bd3 f6 29. Ng1 {[%emt 0:00:42] Strongly threatening Ne2.} Kf7 (29... Nb7 $142 30. Ne2 Nd8) 30. Ne2 ({Weaker is} 30. Bxh7 g6 31. Nh3 Kg7 32. Bxg6 Kxg6 33. Nf4+ Kf5 34. Nxd5 Re4 35. Rxc7 (35. Nxc7 Rxd4 36. Kf1 Ne4 $16) 35... Rxd4 $18) 30... Ne4 31. Nf4 Ng5 32. Nxd5 Rd7 33. Rxc7 Rxc7 34. Nxc7 g6 35. f4 1-0

[Event "Azerbaijan-ch 1st League 2025"]
[Site "Baku"]
[Date "2025.01.08"]
[Round "3.1"]
[White "Atakishiyev, Elmar"]
[Black "Hamidov, Allahverdi"]
[Result "1/2-1/2"]
[Annotator "TA"]
[ECO "E06"]
[WhiteElo "2408"]
[BlackElo "2200"]
[PlyCount "59"]
[EventDate "2025.01.05"]
[EventType "swiss"]
[EventCountry "AZE"]
[SourceTitle "playchess.com"]
[Source "ChessBase"]
[SourceQuality "1"]
[TimeControl "40/5400+30:1800+30"]

1. d4 d5 2. Nf3 Nf6 3. c4 e6 4. g3 Be7 5. Bg2 O-O 6. Nc3 dxc4 7. Ne5 Nc6 8. Bxc6 bxc6 9. Nxc6 Qe8 10. Nxe7+ Qxe7 11. Qa4 c5 12. dxc5 Qxc5 13. Be3 Qc7 14. f3 {[%emt 0:00:37] Dodges Ng4. Black is weak on the dark squares} Bd7 15. Qa3 Bc6 16. Kf2 e5 17. Rhd1 e4 {[%emt 0:05:47] [#] Hoping for ...exf3.} 18. Bd4 ({Much weaker is} 18. Qd6 Qb7 19. Bd4 Rad8 $17) 18... exf3 19. Bxf6 fxe2 20. Rd6 {[%emt 0:01:15][%cal Oa3c5] Qc5! would now be deadly.} gxf6 21. Qc5 $1 {[%emt 0:00:22] [#]} Qb7 $1 22. Rxc6 (22. Qxc6 $2 {too greedy.} Qxb2 23. Re1 Qxc3 $19) 22... Qxb2 23. Re1 {[%emt 0:00:19] Some like it hot} Qxc3 24. Qxc4 Qxc4 25. Rxc4 $11 {[%emt 0:00:05] KRR-KRR} Rfe8 26. Rg4+ Kh8 27. Rf4 (27. Rxe2 $11 Rxe2+ 28. Kxe2) 27... Kg7 (27... Rac8 $15 {is superior.}) 28. Rg4+ Kh8 29. Rf4 Kg7 30. Rg4+ {[%emt 0:00:04] A rather calm draw.   Weighted Error Value: White=0.07 (flawless) /Black=0.12 (very precise) .  Mistake:       	White=1     	Black=1      Inaccurate:     	---       	Black=1      OK:         	White=8     	Black=5      Best:        	White=2     	Black=2      Strong:       	White=1     	---} 1/2-1/2

[Event "Azerbaijan-ch 1st League 2025"]
[Site "Baku"]
[Date "2025.01.08"]
[Round "3.2"]
[White "Abdulkarimli, Eljan"]
[Black "Aslanov, Umid"]
[Result "1/2-1/2"]
[Annotator "TA"]
[ECO "B22"]
[WhiteElo "2163"]
[BlackElo "2250"]
[PlyCount "80"]
[EventDate "2025.01.05"]
[EventType "swiss"]
[EventCountry "AZE"]
[SourceTitle "playchess.com"]
[Source "ChessBase"]
[SourceQuality "1"]
[TimeControl "40/5400+30:1800+30"]

1. e4 c5 2. c3 d5 3. exd5 Qxd5 4. d4 cxd4 5. cxd4 Nc6 6. Nf3 e5 7. Nc3 Bb4 8. Bd2 Bxc3 9. Bxc3 e4 10. Ne5 Nxe5 11. dxe5 Ne7 12. Qa4+ Bd7 13. Qa3 Qe6 14. Rd1 O-O 15. Be2 {[%emt 0:09:51] Black must now prevent Rd6.} Bc6 16. Qd6 e3 17. O-O Nd5 {[%emt 0:07:32] Hoping for ...Nf4.} 18. Qxe6 fxe6 19. Bc4 {[%emt 0:03:15] [#]} e2 20. Bxe2 $14 Nf4 21. Bf3 {[%emt 0:03:22] [#]} (21. Bc4 $1 $14) 21... Nh3+ $1 $15 22. gxh3 Rxf3 23. Bb4 a5 24. Bd6 a4 (24... Bd5 $17 25. h4 h6 (25... Bxa2 26. Kg2 $17)) 25. Rfe1 Rxh3 26. Re3 Rh4 27. Rg3 Rc4 28. Rc3 Rf4 29. a3 Rf5 30. Rd4 Ra5 31. f4 Rd5 32. Rcc4 Rxd4 33. Rxd4 {[%emt 0:00:01][%mdl 4096] Endgame. KRB-KRB} g5 34. Be7 gxf4 ({Don't do} 34... Rxf4 35. Rxf4 gxf4 36. Bg5 $17) 35. Bf6 Kf7 36. Kf2 Rxf6 (36... Kg6 $15 37. h3 b5) 37. exf6 $11 {[%emt 0:00:02] The position is equal.} e5 38. Rd6 e4 39. h4 Bb5 40. Rd4 Bc6 {[%emt 0:00:00] Weighted Error Value: White=0.12 (very precise) /Black=0.12 (very precise) .  Mistake:       	White=1     	Black=3      Inaccurate:     	White=2     	Black=1      OK:         	White=11    	Black=14     Best:        	White=2     	---} 1/2-1/2

[Event "Azerbaijan-ch 1st League 2025"]
[Site "Baku"]
[Date "2025.01.08"]
[Round "3.3"]
[White "Musayev, Eldar"]
[Black "Ahmadov, Fariz"]
[Result "0-1"]
[Annotator "TA"]
[ECO "C50"]
[WhiteElo "2163"]
[BlackElo "2224"]
[PlyCount "68"]
[EventDate "2025.01.05"]
[EventType "swiss"]
[EventCountry "AZE"]
[SourceTitle "playchess.com"]
[Source "ChessBase"]
[SourceQuality "1"]
[TimeControl "40/5400+30:1800+30"]

1. e4 e5 2. Nf3 Nc6 3. Bc4 Be7 4. d4 d6 5. h3 Nf6 6. Nc3 O-O 7. d5 Nb8 8. Qe2 c6 9. a4 Nbd7 10. dxc6 (10. a5 $14) 10... bxc6 $11 11. O-O Nc5 (11... a5 $142) 12. Rd1 {[%emt 0:00:48] Nxe5 poses a challenge} (12. b4 $5 Ne6 13. Rd1 $14) 12... Qc7 13. Bg5 (13. b4 $14 Ne6 14. Be3) 13... a5 $15 14. Rd2 h6 15. Bxf6 Bxf6 16. Qe3 Be7 17. b3 Kh8 (17... Kh7 $142 18. Re1 f5) 18. g4 Qa7 19. Ne2 {[%emt 0:00:42] [#]} Nxe4 $1 20. Qxe4 d5 (20... f5 $1 $15 21. Qxc6 fxg4 (21... Bb7 22. Qd7 $15)) 21. Rxd5 cxd5 $17 22. Bxd5 f5 23. Qxe5 $2 {[%emt 0:01:52][%mdl 8192] [#]} (23. Qe3 $17 Qxe3 24. fxe3) 23... Bf6 $1 $19 24. Nf4 Kh7 {[%emt 0:00:27] Against Ng6} (24... fxg4 25. Ng6+ Kh7 26. Nxf8+ Kh8 27. Ng6+ (27. Qe4 g5 $18) 27... Kh7 28. Qe4 (28. Qe8 Be6 $18)) 25. Qe1 Bxa1 26. Qxa1 Bb7 27. g5 Bxd5 28. Nxd5 Rad8 29. c4 {[%emt 0:00:05] [#]} Rxd5 30. cxd5 $17 Qe7 ({Black should play} 30... Qd7 $17 31. Qd4 Rd8) 31. h4 $2 (31. Qc3 $11 {and White has nothing to worry.}) 31... Qe4 $36 {[%emt 0:00:53][%mdl 2048] Black is really pushing.} 32. Qd1 Rd8 33. gxh6 $2 (33. d6 $17) 33... Qg4+ ({Inferior is} 33... gxh6 34. Ng5+ hxg5 35. Qh5+ Kg8 36. Qxg5+ (36. hxg5 $2 {perishes.} Qg4+ 37. Qxg4 fxg4 $19) 36... Kh7 37. Qxd8 $11) (33... Kxh6 34. d6 Qg4+ 35. Kf1 $15) (33... Qxd5 34. Qxd5 Rxd5 35. hxg7 $19) (33... Rxd5 $142 34. Ng5+ Kxh6) 34. Kh2 $2 (34. Kf1 gxh6 35. Qd3) 34... gxh6 0-1

[Event "Azerbaijan-ch 1st League 2025"]
[Site "Baku"]
[Date "2025.01.08"]
[Round "3.4"]
[White "Davudov, Tunar"]
[Black "Rustamov, Rustam"]
[Result "1-0"]
[Annotator "TA"]
[ECO "E05"]
[WhiteElo "2225"]
[BlackElo "2305"]
[PlyCount "115"]
[EventDate "2025.01.05"]
[EventType "swiss"]
[EventCountry "AZE"]
[SourceTitle "playchess.com"]
[Source "ChessBase"]
[SourceQuality "1"]
[TimeControl "40/5400+30:1800+30"]

1. d4 Nf6 2. c4 e6 3. Nf3 d5 4. g3 Be7 5. Bg2 O-O 6. O-O dxc4 7. Qc2 a6 8. a4 Bd7 9. Qxc4 Bc6 10. Bg5 Nbd7 11. Nc3 a5 12. Rfd1 h6 13. Bxf6 Nxf6 14. h4 Bd5 15. Qd3 Bxf3 16. Bxf3 c6 17. e4 Qb6 18. e5 Nd5 19. Be4 Rad8 20. Rd2 Bb4 21. Qc4 Qa6 22. Qb3 c5 23. Rad1 c4 24. Qc2 Bxc3 25. bxc3 b5 26. axb5 Qxb5 27. Rb1 Qd7 28. Ra1 Ra8 29. Ra3 $1 Rfb8 30. Qd1 (30. Qa2 $14) 30... Rb5 ({Black should play} 30... a4 $11) 31. Rda2 $14 Qc7 32. Qa1 (32. Qf3 $16) 32... h5 33. Ra4 g6 34. R2a3 (34. Qf1 $5) 34... Ra6 {[%emt 0:00:00] [#]} (34... Rb3 $11 {remains equal.}) 35. Qa2 $1 $16 Rb3 36. Bxd5 (36. Rxb3 $16 cxb3 37. Qxb3) 36... Rxa3 $11 37. Qxa3 exd5 38. Qc5 Qxc5 39. dxc5 Kf8 40. Kg2 Ke7 41. Kf3 $1 Kd7 42. Ke3 $1 Kc6 43. Kd4 Ra8 44. f3 Kb5 45. Ra3 a4 46. g4 g5 $2 (46... hxg4 $11 47. fxg4 Kc6) 47. hxg5 $18 (47. Kxd5 gxh4 48. gxh5 h3 $19) (47. gxh5 gxh4 48. Kxd5 h3 $19) 47... h4 48. f4 (48. Kxd5 h3 $16) 48... h3 (48... Rg8 $142 49. Ra1 (49. Kxd5 Rd8+ 50. Ke4 h3 $16) 49... h3) 49. f5 $18 (49. Kxd5 Rd8+ (49... h2 50. Ra1 $17) 50. Ke4 h2 $17 (50... Kxc5 $2 {too greedy.} 51. Rxa4 Rh8 52. Ra5+ Kc6 53. Ra1 $18)) 49... h2 50. Ra1 $1 a3 (50... Kc6 $142 51. e6 fxe6) 51. g6 $1 $18 fxg6 52. f6 Rh8 53. Rh1 a2 54. e6 a1=Q 55. Rxa1 h1=Q 56. Rxh1 Rxh1 57. e7 Ka6 58. f7 (58. e8=R Rd1+ 59. Ke5 Re1+ 60. Kxd5 Rxe8 $18) 1-0

[Event "Azerbaijan-ch 1st League 2025"]
[Site "Baku"]
[Date "2025.01.08"]
[Round "3.5"]
[White "Garayev, Kanan"]
[Black "Ibrahimli, Murad"]
[Result "0-1"]
[Annotator "TA"]
[ECO "B50"]
[WhiteElo "2340"]
[BlackElo "2415"]
[PlyCount "34"]
[EventDate "2025.01.05"]
[EventType "swiss"]
[EventCountry "AZE"]
[SourceTitle "playchess.com"]
[Source "ChessBase"]
[SourceQuality "1"]
[TimeControl "40/5400+30:1800+30"]

1. e4 c5 2. Nf3 d6 3. c3 Nf6 4. Be2 Bg4 5. e5 dxe5 6. Nxe5 Bxe2 7. Qxe2 e6 8. Qb5+ Nbd7 9. d4 (9. Nxd7 Qxd7 10. Qxd7+ Kxd7 11. d3) 9... cxd4 10. O-O (10. cxd4 $15 Qb6 11. Qxb6 Nxb6 12. Ke2) 10... a6 11. Qe2 Nxe5 12. Qxe5 d3 (12... dxc3 {simplifies} 13. Nxc3 Bd6 14. Qe2 Qa5) 13. Rd1 Bd6 14. Qd4 Qc7 $36 {[%emt 0:00:06][%mdl 2048] Black has strong initiative.} 15. g3 {[%emt 0:10:25] White is weak on the light squares} O-O-O {[%emt 0:00:52][%cal Od6g3] ...Bxg3! would now be deadly.} 16. Qe3 (16. Qh4 $142) 16... Bc5 $19 17. Qf3 Rd5 0-1

[Event "Azerbaijan-ch 1st League 2025"]
[Site "Baku"]
[Date "2025.01.08"]
[Round "3.6"]
[White "Rzayev, Chingiz"]
[Black "Ahmad, Khagan"]
[Result "0-1"]
[Annotator "TA"]
[ECO "B23"]
[WhiteElo "2153"]
[BlackElo "2406"]
[PlyCount "114"]
[EventDate "2025.01.05"]
[EventType "swiss"]
[EventCountry "AZE"]
[SourceTitle "playchess.com"]
[Source "ChessBase"]
[SourceQuality "1"]
[TimeControl "40/5400+30:1800+30"]

1. e4 c5 2. Nc3 Nc6 3. f4 g6 4. Nf3 Bg7 5. Bc4 e6 6. e5 Nh6 7. Ne4 O-O 8. c3 d5 9. exd6 b6 10. O-O Nf5 11. d3 Bb7 12. Qe1 Na5 (12... Nxd6 {simplifies} 13. Bb3 Ba6 14. Nf2 Qc7) 13. Ne5 Nxd6 14. Nxd6 Qxd6 15. Be3 f6 16. Nf3 Nxc4 17. dxc4 Qd3 18. b3 Rad8 {[%emt 0:00:26] Black is much more active.} 19. Rd1 Qc2 20. Rxd8 Rxd8 21. Rf2 Qd1 22. Rd2 Qxe1+ 23. Nxe1 Rxd2 24. Bxd2 $17 {[%emt 0:00:03][%mdl 4096] Endgame KBB-KBN} Bf8 25. a3 h6 26. h4 Kf7 27. Kf2 e5 28. fxe5 fxe5 29. b4 Ke6 30. Be3 Ba6 31. bxc5 $1 Bxc5 32. Bxc5 bxc5 $15 {[%emt 0:00:04] KB-KN} 33. Nd3 Bxc4 34. Nxc5+ Kd5 35. Nd7 Bb5 36. Nf6+ $1 Kc4 37. Ng4 Kxc3 38. Nxe5 (38. Nxh6 $11 {remains equal.} Bd7 39. Ke3) 38... Be8 $1 $17 39. Ke3 a5 (39... Kb3 $17 40. Kd3 Kxa3) 40. g4 a4 41. Nd3 (41. Ke4 $15) 41... Kb3 42. Kd4 Kxa3 43. Kc3 {[%emt 0:00:28] [#]} Ka2 $1 44. Kc2 $2 (44. Ne5 $17 {only move.}) 44... Bb5 $2 (44... Bf7 $19 {has better winning chances. aiming for ...Be6.} 45. g5 h5 46. Nb4+ Ka1) 45. Ne5 $2 (45. Nb4+ $17 Ka1 46. Nd5) 45... a3 $19 46. g5 h5 47. Nxg6 {[%emt 0:04:08] [#]} Bd3+ $1 48. Kxd3 {[%emt 0:00:02] KN-KPP} Kb3 49. Nf4 a2 50. Ke4 a1=Q (50... a1=B $2 {too greedy.} 51. Nxh5 (51. Kf5 Bd4 $18) 51... Bc3 52. g6 $18 (52. Kf5 Be1 $18)) 51. Nxh5 Qa4+ 52. Kf5 Qd7+ 53. Kg6 Qe8+ 54. Kh6 Qh8+ 55. Kg6 Kc4 56. Ng7 Qxh4 57. Nf5 Qf4 0-1

[Event "Azerbaijan-ch 1st League 2025"]
[Site "Baku"]
[Date "2025.01.08"]
[Round "3.7"]
[White "Orujov, Farid"]
[Black "Alizada, Agshin"]
[Result "1-0"]
[Annotator "TA"]
[ECO "C03"]
[WhiteElo "2301"]
[BlackElo "2116"]
[PlyCount "55"]
[EventDate "2025.01.05"]
[EventType "swiss"]
[EventCountry "AZE"]
[SourceTitle "playchess.com"]
[Source "ChessBase"]
[SourceQuality "1"]
[TimeControl "40/5400+30:1800+30"]

1. e4 e6 2. d4 d5 3. Nd2 h6 4. Ngf3 Nf6 5. e5 Nfd7 6. c4 dxc4 7. Bxc4 Nb6 8. Bd3 {[%emt 0:02:00] White is slightly better.} Nc6 9. Ne4 Nb4 10. Bb1 N4d5 11. a3 a5 12. h4 Bd7 13. Bd3 Bc6 14. Rh3 Qe7 15. Bd2 a4 16. Rc1 O-O-O {[%emt 0:08:01] [#]} (16... Qd7 $14) 17. Rxc6 $1 $16 bxc6 18. Nc5 {[%emt 0:00:04] White is more active.} Rg8 (18... Qe8 $16 19. Qc2 (19. Nxa4 Nxa4 20. Qxa4 Kd7 $16) 19... Ne7) 19. Bh7 $18 {[%emt 0:02:30][%cal Bd3h7,Bh7c2,Bc2a4,Ba4c6][%mdl 1056] White has strong compensation.} (19. Nxa4 $6 g5 $16) 19... Rh8 {[%emt 0:01:59] [#]} 20. Qe2 $1 {[%emt 0:00:40] White wants to mate with Qa6+.} Re8 $2 ({And not} 20... Rxh7 21. Qa6+ Kb8 22. Qb7#) (20... Rd7 {is more resistant.}) 21. Qa6+ Kd8 22. Bc2 f5 23. Bxa4 (23. Nxa4 Qd7 24. Nc5 Qc8 $11) 23... Qf7 24. Bxc6 Ke7 (24... Bxc5 $142 25. dxc5 Nd7) 25. a4 Rb8 26. a5 f4 27. axb6 Rxb6 28. Qc8 {[%emt 0:00:22] Weighted Error Value: White=0.06 (flawless) /Black=0.88.  Mistake:       	---       	Black=4      Inaccurate:     	---       	Black=4      OK:         	White=10    	Black=5      Best:        	---       	Black=4      Brilliant:      	White=1     	---} 1-0